 Dungeon Crawl Stone Soup version 0.32-a0-814-g0968bab981 (webtiles) character file.

Game seed: 8035173210163928521

2 Orlauf the Slasher (level 1, -1/16 HPs)
             Began as a Demonspawn Gladiator on Mar 22, 2024.
             Slain by a dart slug (2 damage)
             ... on level 1 of the Dungeon.
             The game lasted 00:00:17 (116 turns).

Orlauf the Slasher (Demonspawn Gladiator)            Turns: 116, Time: 00:00:18

Health: -1/16      AC:  4    Str: 14    XL:     1   Next: 33%
Magic:  1/1        EV:  1    Int:  8    God:
Gold:   0          SH:  0    Dex: 14    Spells: 0/0 levels left

rFire   . . .        a - +0 long sword
rCold   . . .        (no shield)
rNeg    . . .        b - +0 leather armour
rPois   .            c - +0 helmet
rElec   .            (no cloak)
rCorr   .            (no gloves)
SInv    .            (no boots)
Will    .....        (no amulet)
Stlth   +            (no ring)
HPRegen 0.22/turn    (no ring)
MPRegen 0.07/turn

%: no passive effects
@: constricted, invisible
A: no striking features
a: no special abilities


You were on level 1 of the Dungeon.
You visited 1 branch of the dungeon, and saw 1 of its levels.

Inventory:

Hand Weapons
 a - a +0 long sword (weapon)
Missiles
 d - 3 throwing nets (quivered)
 e - a javelin
Armour
 b - a +0 leather armour (worn)
 c - a +0 helmet (worn)
Scrolls
 f - a scroll of immolation
 h - a scroll of brand weapon {unknown}


   Skills:
 + Level 2.0 Fighting
 * Level 2.8 Long Blades
 - Level 1.7 Throwing
 - Level 2.6 Dodging


You couldn't memorise any spells.
You didn't know any spells.
Your spell library was empty.

Dungeon Overview and Level Annotations

Branches:
Dungeon (1/15)

Altars:


Message History

The ball python constricts you.
You closely miss the ball python. The bat hits you but does no damage.
The bat hits you. The ball python bites you. The ball python constricts you.
You are too injured to fight recklessly!
You are too injured to fight recklessly!
You are too injured to fight recklessly!
You are too injured to fight recklessly!
You are too injured to fight recklessly!
You are too injured to fight recklessly!
You are too injured to fight recklessly!
You are too injured to fight recklessly!
You are too injured to fight recklessly!
You are too injured to fight recklessly!
You are too injured to fight recklessly!
You are too injured to fight recklessly!
You are too injured to fight recklessly!
The ball python's grasp on you weakens, but your attempt to escape fails.
The bat hits you but does no damage. The ball python bites you.
The ball python constricts you.
You escape the ball python's grasp.
You barely miss the ball python. The bat misses you.
The ball python barely misses you. The ball python closely misses you.
The bat hits you but does no damage.
You completely miss the ball python. The bat closely misses you.
The ball python closely misses you. x2
The dart slug launches a dart at you. The slug dart misses you.
The ball python bites you.
* * * LOW HITPOINT WARNING * * *
The ball python grabs you. The ball python constricts you.
The ball python's grasp on you weakens, but your attempt to escape fails.
The bat hits you but does no damage. The ball python bites you.
* * * LOW HITPOINT WARNING * * *
The ball python constricts you.
Unknown command.
It was a potion of invisibility.
You fade into invisibility!
The bat hits you.
* * * LOW HITPOINT WARNING * * *
The dart slug bites you.
You die...

...#....#.# .#........###
# #....##.....# .#
##.##....##.# ######.###
.........##..###.........
.........###.#...........
...........#...#..†......
......†....##....b.......
...........###..@S.......
.###.......###.#.w.......
+...........#.>..###.#
#.........###......( .
#.........# #....#.#
########### ####.#.# .# .
..


You could see a dart slug (unable to see you), a bat and a ball python (unable
to see you).

Vanquished Creatures
  A hobgoblin (D:1)
  A ball python (D:1)
  A kobold (D:1)
3 creatures vanquished.

Notes
Turn   | Place    | Note
-------+----------+-------------------------------------------
     0 | D:1      | Orlauf the Demonspawn Gladiator began the quest for the
                  | Orb.
     0 | D:1      | Reached XP level 1. HP: 16/16 MP: 1/1
    30 | D:1      | Found a faded altar of an unknown god.
   116 | D:1      | Slain by a dart slug

Illustrated notes

Levels and vault maps discovered:
D:1:      psy_arrival_whirlpool, layout_basic, serial_shops, shop,
          hellmonk_ecumenical_altar_blasted, minmay_tromino_mix6

Action                     || total
---------------------------++-------
  Melee: Long sword        ||    14
    Use: Potion            ||     1
 Armour: Leather armour    ||    34
  Dodge: Dodged            ||    17

Table legend: (Time is in decaauts)
 A = Elapsed time spent in this place.
 B = Non-inter-level travel time spent in this place.
 C = Inter-level travel time spent in this place.
 D = Time resting spent in this place.
 E = Time spent auto-exploring this place.
 F = Levels seen in this place.
 G = Mean time per level.
                   A        B        C        D        E       F      G
               +--------+--------+--------+--------+--------+-----+--------+
         Total |    120 |    120 |      0 |      0 |     82 |   1 |  120.0 |
       Dungeon |    120 |    120 |      0 |      0 |     82 |   1 |  120.0 |
               +--------+--------+--------+--------+--------+-----+--------+

Top non-repeatable levels by time:
     D:1: 120 daAuts
